 Dungeon Crawl Stone Soup version 0.30-a0-576-g89cddaab80 (webtiles) character file.

Game seed: 1333392216906767362

49 holysushi the Cutter (level 3, -2/19 HPs)
             Began as a Vine Stalker Monk on Dec 31, 2022.
             Slain by a gnoll
             ... wielding a +0 club
              (4 damage)
             ... on level 2 of the Dungeon.
             The game lasted 00:01:33 (835 turns).

holysushi the Cutter (Vine Stalker Monk)             Turns: 835, Time: 00:01:34

Health: -2/19      AC:  2    Str: 13    XL:     3   Next: 77%
Magic:  0/4        EV: 13    Int: 10    God:
Gold:   87         SH:  0    Dex: 18    Spells: 2/2 levels left

rFire   . . .      SeeInvis .    a - +0 short sword
rCold   . . .      Faith    .    (no shield)
rNeg    . . .      Spirit   +    b - +0 robe
rPois   .          Reflect  .    (no helmet)
rElec   .          Harm     .    (no cloak)
rCorr   .          Rampage  .    (no gloves)
Will    .....                    (no boots)
Stlth   ++                       (no amulet)
HPRegen 0.23/turn                (no ring)
MPRegen 0.09/turn                (no ring)

@: no status effects
A: fangs 2, magic shield, antimagic bite, no potion heal 2
a: no special abilities


You were on level 2 of the Dungeon.
You visited 1 branch of the dungeon, and saw 2 of its levels.

You collected 87 gold pieces.

Inventory:

Hand Weapons
 a - a +0 short sword (weapon)
Armour
 b - a +0 robe (worn)
Jewellery
 i - a +5 ring of evasion
 m - a ring of protection from cold
Scrolls
 f - 3 scrolls of identify {unknown}
 j - a scroll of amnesia
 l - a scroll of vulnerability {unknown}
 n - a scroll of poison {unknown}
 o - a scroll of enchant weapon {unknown}
Potions
 c - a potion of ambrosia
 d - a potion of might
 e - a potion of berserk rage {unknown}
 g - a potion of attraction {unknown}
 h - a potion of heal wounds {unknown}
 k - a potion of lignification {unknown}


   Skills:
 - Level 2.6 Fighting
 + Level 4.2 Short Blades
 - Level 2.4 Dodging
 - Level 2.4 Stealth


You had 2 spell levels left.
You didn't know any spells.
Your spell library was empty.

Dungeon Overview and Level Annotations

Branches:
Dungeon (2/15) Zot: 11181

Altars:


Innate Abilities, Weirdness & Mutations

You have extremely sharp teeth.
When hurt, damage is shared between your health and your magic reserves.
Your bite disrupts and absorbs the magic of your enemies.
Potions cannot restore your health.


Message History

A bat comes into view.
A bat is nearby!
A bat is nearby!
A bat is nearby!
The bat hits you but does no damage.
A bat is nearby!
The bat closely misses you.
An adder and a gnoll come into view.
The bat hits you. 2 gnolls come into view.
The gnoll shouts!
The adder hisses angrily.
The gnoll shouts!
The bat hits you.
The gnoll shouts!
You hear a shout!
You hit the bat.
The bat is moderately wounded.
The bat misses you.
A hobgoblin comes into view.
The gnoll attacks as you move away! The gnoll hits you but does no damage.
The gnoll closely misses you.
You closely miss the bat. The bat hits you but does no damage.
The bat misses you.
You hit the bat.
You kill the bat!
The gnoll closely misses you.
You hit the gnoll but do no damage. Your bite misses the gnoll.
The gnoll hits you with a +0 club. The gnoll barely misses you.
You hit the gnoll but do no damage. Your bite misses the gnoll.
The gnoll hits you with a +0 club!
The gnoll hits you from afar with a +0 spear!
* * * LOW HITPOINT WARNING * * *
You hit the gnoll. Your bite misses the gnoll.
The gnoll is lightly wounded.
The gnoll drinks a potion.
The gnoll seems to grow stronger.
The gnoll barely misses you.
You closely miss the gnoll.
The gnoll is lightly wounded.
As you read the scroll labelled YGASMAETAZ, it crumbles to dust.
It is a scroll of amnesia.
You feel forgetful for a moment. The gnoll hits you with a +0 club.
You die...

##.#.##
##.#.#.....
##.#.## .##
##.#..##.#
##.#.## #.##
##...##.#
##.#.##
.#.##
##.###.#
##.#.##..#.#
### #.#
##.#.#g#S#
#.# ##.#g#g#
#.. ##g#.##
#######
##@##
#.>...† ###
#.#####
#######.#
##.......#
##.....####
#.####.# #.#
#.# ####.#
#.# ##
#....#
#.....


You could see 3 gnolls, an adder and a hobgoblin.

Vanquished Creatures
  An adder (D:2)
  2 dart slugs
  3 ball pythons (D:1)
  3 endoplasms (D:1)
  3 giant cockroaches
  A goblin (D:1)
  4 jackals (D:2)
  A quokka (D:1)
  9 bats
  A frilled lizard (D:2)
  4 kobolds
  A rat (D:1)
33 creatures vanquished.

Notes
Turn   | Place    | Note
-------+----------+-------------------------------------------
     0 | D:1      | holysushi the Vine Stalker Monk began the quest for the
                  | Orb.
     0 | D:1      | Reached XP level 1. HP: 11/11 MP: 2/2
    61 | D:1      | Reached skill level 3 in Short Blades
   143 | D:1      | Reached XP level 2. HP: 13/16 MP: 1/3
   504 | D:1      | Reached XP level 3. HP: 19/19 MP: 4/4
   622 | D:2      | Reached skill level 4 in Short Blades
   835 | D:2      | Slain by a gnoll

Illustrated notes

Levels and vault maps discovered:
D:1:      dpeg_arrival_pond, layout_loops_ring
D:2:      minmay_inner_zag, layout_loops_ring,
          ebering_ecumenical_altar_petrified, nrook_mini_backslash

Skill      XL: |  1  2  3 |
---------------+----------+-----
Short Blades   | 3 4 |  4.2
Fighting       | |  2.6
Dodging        | |  2.4
Stealth        | |  2.4

Action                   || total
-------------------------++-------
Melee: Short sword       ||    99
       Bite              ||    25
  Use: Scroll            ||     1
 Stab: Sleeping          ||     8
Armor: Robe              ||    19
Dodge: Dodged            ||    63

Table legend: (Time is in decaauts)
 A = Elapsed time spent in this place.
 B = Non-inter-level travel time spent in this place.
 C = Inter-level travel time spent in this place.
 D = Time resting spent in this place.
 E = Time spent auto-exploring this place.
 F = Levels seen in this place.
 G = Mean time per level.
                   A        B        C        D        E       F      G
               +--------+--------+--------+--------+--------+-----+--------+
         Total |    817 |    809 |      8 |      0 |    560 |   2 |  408.5 |
       Dungeon |    817 |    809 |      8 |      0 |    560 |   2 |  408.5 |
               +--------+--------+--------+--------+--------+-----+--------+

Top non-repeatable levels by time:
     D:1: 583 daAuts
     D:2: 233 daAuts
